 Dungeon Crawl Stone Soup version 0.29.1-2-gbd0b4ee654 (webtiles) character file.

Game seed: 12715789334414636093

6785 mortz the Covert (level 11, 0/71 HPs)
             Began as a Kobold Earth Elementalist on Nov 23, 2022.
             Was a Believer of Vehumet.
             Killed by a reflected stone arrow
             ... reflected by a kobold brigand
             ... on level 10 of the Dungeon.
             The game lasted 01:00:39 (12709 turns).

mortz the Covert (Kobold Earth Elementalist)       Turns: 12709, Time: 01:00:41

Health: 0/71       AC:  8    Str:  5    XL:     11   Next: 25%
Magic:  16/23      EV: 14    Int: 20    God:    Vehumet [**....]
Gold:   604        SH:  0    Dex: 17    Spells: 19/27 levels left

rFire   . . .      SeeInvis .   a - staff of earth
rCold   . . .      Faith    .   (shield currently unavailable)
rNeg    . . .      Spirit   .   X - +0 troll leather armour
rPois   .          Reflect  .   (no helmet)
rElec   .          Harm     .   (no cloak)
rCorr   .          Rampage  .   (no gloves)
Will    .....                   (no boots)
Stlth   +++++.....              (no amulet)
HPRegen 1.01/turn               e - +4 ring of protection
MPRegen 0.18/turn               J - ring of wizardry

@: lethally poisoned (0 -> -1), slowed, very slow
A: small, no large weapons, nightstalker 3
a: Renounce Religion


You were on level 10 of the Dungeon.
You worshipped Vehumet.
Vehumet was pleased with you.
You visited 2 branches of the dungeon, and saw 11 of its levels.
You also visited: Sewer and Ossuary.

You collected 766 gold pieces.
You spent 162 gold pieces at shops.

Inventory:

Hand Weapons
 b - a +5 dagger of speed
 q - a +0 falchion
 u - a +0 spear
 x - a +2 dagger of venom
 y - a +0 hand axe
 E - a +0 falchion of holy wrath
 I - the +10 sling of Ebben {venom, Dex+6}
   (You found it on level 4 of the Dungeon)

   Any ammunition fired from it poisons the flesh of those it strikes.
   Dex:       It affects your dexterity (+6).
 O - a +4 short sword
 U - the +1 spear "Huaxae" {vorpal, Drain rF+ Str+2}
   (You found it on level 6 of the Dungeon)

   It inflicts extra damage upon your enemies.
   Str:       It affects your strength (+2).
   rF:        It protects you from fire.
   Drain:     It drains your maximum health when unequipped.
 V - the +3 dagger "Zynuitin" {vorpal, rCorr Str+2}
   (You found it on level 8 of the Dungeon)

   It inflicts extra damage upon your enemies.
   Str:       It affects your strength (+2).
   rCorr:     It protects you from acid and corrosion.
 W - a +3 mace
Missiles
 o - 20 poisoned darts
 s - a boomerang
Armour
 d - the +1 robe of Bemeihub {rPois rF+ Int+4}
   (You found it on level 7 of the Dungeon)

   Int:       It affects your intelligence (+4).
   rF:        It protects you from fire.
   rPois:     It protects you from poison.
 M - a +2 kite shield of fire resistance
 N - a +1 leather armour of fire resistance
 X - a +0 troll leather armour (worn)
Magical Staves
 a - a staff of earth (weapon)
Jewellery
 e - a +4 ring of protection (left hand)
 J - a ring of wizardry (right hand)
 K - a +4 ring of evasion
 L - an amulet of guardian spirit
Wands
 m - a wand of quicksilver (6)
 F - a wand of iceblast (21)
 T - a wand of digging (6)
Scrolls
 c - 2 scrolls of amnesia
 g - 8 scrolls of fog
 j - a scroll of magic mapping
 l - 2 scrolls of enchant weapon
 n - 4 scrolls of enchant armour
 t - 2 scrolls of teleportation
 w - 2 scrolls of blinking
 A - a scroll of immolation
 R - a scroll of identify
Potions
 f - 2 potions of magic
 h - 2 potions of attraction
 i - 10 potions of curing
 k - a potion of haste
 p - 4 potions of ambrosia
 r - 2 potions of flight
 v - 4 potions of might
 B - 2 potions of heal wounds
 C - 3 potions of invisibility
 D - 2 potions of mutation
 G - a potion of brilliance
 H - 4 potions of lignification
 P - a potion of berserk rage
 Q - 3 potions of cancellation
 S - 2 potions of resistance


   Skills:
 * Level 9.2 Fighting
 - Level 1.1 Armour
 - Level 2.4 Dodging
 + Level 9.9 Stealth
 - Level 0.7 Shields
 * Level 8.8 Spellcasting
 + Level 3.1 Conjurations
 - Level 1.0 Transmutations
 + Level 8.9 Earth Magic


You had 19 spell levels left.
You knew the following spells:

 Your Spells              Type           Power      Damage    Failure   Level
a - Sandblast             Erth           100%       2d20      1%          1
b - Searing Ray           Conj           42%        2d6       2%          2
p - Passwall              Tmut/Erth      35%        N/A       1%          2
s - Stone Arrow           Conj/Erth      98%        3d13      1%          3

Your spell library contained the following spells:

 Spells                   Type           Power      Damage    Failure   Level
 Lee's Rapid Deconstruct  Erth           30%        3d17*     3%          5
 Slow                     Hex            32%        N/A       5%          1
 Petrify                  Tmut/Erth      43%        N/A       6%          4
 Leda's Liquefaction      Hex/Erth       20%        N/A       9%          4
 Confusing Touch          Hex            8%         N/A       16%         3
 Gell's Gravitas          Tloc           8%         N/A       16%         3
 Lesser Beckoning         Tloc           8%         N/A       16%         3
 Teleport Other           Tloc           8%         N/A       16%         3
 Tukima's Dance           Hex            8%         N/A       16%         3
 Vampiric Draining        Necr           8%         2d6       16%         3
 Passage of Golubria      Tloc           8%         N/A       43%         4
 Summon Ice Beast         Ice/Summ       8%         N/A       43%         4
 Statue Form              Tmut/Erth      28%        N/A       65%         6
 Yara's Violent Unravell  Hex/Tmut       5%         3d4       71%         5
 Summon Mana Viper        Hex/Summ       8%         N/A       77%         5
 Monstrous Menagerie      Summ           4%         N/A       100%        7


Dungeon Overview and Level Annotations

Branches:
Dungeon (10/15) Zot: 25989  Temple (1/1) D:7 Zot: 5925    Lair (0/5) D:9
    Orc (0/2) D:10          Sewer (visited)         Ossuary (visited)

Altars:
Ashenzari
Cheibriados
Dithmenos
Elyvilon
Fedhas
Gozag
Hepliaklqana
Kikubaaqudgha
Makhleb
Nemelex Xobeh
Okawaru
Qazlal
Ru
Sif Muna
Trog
Uskayaw
Vehumet
Wu Jian
Xom
Yredelemnul
Zin
The Shining One

Shops:
D:4 ?

Annotations:
D:9 1 runed translucent door
D:10 3 runed translucent doors, Maggie


Innate Abilities, Weirdness & Mutations

You are small and have problems with some larger weapons.
You are completely attuned to the shadows.


Message History

You have difficulty breathing.
You feel as though you will be slow longer.
You are too injured to fight recklessly!
You feel better.
The kobold brigand throws a curare-tipped dart.
The curare-tipped dart closely misses you.
The kobold brigand throws a curare-tipped dart.
The curare-tipped dart hits you.
You are poisoned.
You have difficulty breathing.
You feel as though you will be slow longer.
Aiming: Quicksilver Bolt
Press: ? - help, Q - select action, (/) - cycle Shift-Dir - straight line, f - gnoll sergeant, p - kobold brigand
Aim: a gnoll sergeant, wielding a +0 spear, wearing a +0 scale mail and wearing a +0 buckler (79% to hit)
The bolt of dispelling energy hits the kobold brigand!
The kobold brigand is almost dead.
The bolt of dispelling energy hits the gnoll sergeant!
The gnoll sergeant is heavily wounded.
You feel very sick.
Unknown command.
Casting: Sandblast (safe; 1% risk of failure)
Confirm with . or Enter, or press ? or * to list all spells.
Aiming: Stone Arrow (safe; 1% risk of failure)
Press: ? - help, Shift-Dir - straight line, f/p - gnoll sergeant
Aim: a gnoll sergeant, wielding a +0 spear, wearing a +0 scale mail and wearing a +0 buckler (heavily wounded, 82% to hit)
You feel a surge of power!
The stone arrow reflects off an invisible shield around the kobold brigand!
The stone arrow hits you!
* * * LOW HITPOINT WARNING * * *
You feel very sick. The kobold brigand closely misses you.
Casting: Stone Arrow (safe; 1% risk of failure)
Confirm with . or Enter, or press ? or * to list all spells.
Aiming: Stone Arrow (safe; 1% risk of failure)
Press: ? - help, Shift-Dir - straight line, f/p - gnoll sergeant
Aim: a gnoll sergeant, wielding a +0 spear, wearing a +0 scale mail and wearing a +0 buckler (heavily wounded, 82% to hit)
You feel a surge of power!
The stone arrow reflects off an invisible shield around the kobold brigand!
The stone arrow hits you!!
You die...

###.# ..#### ##........ ###
###....#....#.).####.
........# ...#.).....
##.......## ....#.####.# #.#
..........###..>#.# #.# #.#
#......#.......#.# #.# #.#
###
#......##.#g#)[#(####.####.#
##.#
#†..#######K#.)............<
...###...#P
#@#....###.......#
.........#.
###........##+#..#
...###...#..
#...##...#...#.. ...#
#...+.. #.B.#....#...#..
...###'..+.
##...#.####.).###
##.......+.
#...{..#⌠.##+#..⌠
.........#.
#......#.........
.........#.
##...#####.......#
.........#P
##........#.......#


You could see a kobold brigand (reflecting) and a gnoll sergeant.

Vanquished Creatures
  A cyclops (D:10)
  An unseen horror (D:10)
  A troll (D:9)
  A hornet (D:9)
  2 shadows (D:10)
  2 wraiths
  2 yaks (D:10)
  Grum (D:9)
  An acid dragon (D:10)
  Pargi (D:4)
  3 black bears
  2 ice beasts (D:6)
  2 sky beasts
  2 orc warriors
  6 centaurs
  4 wolves
  3 kobold brigands
  4 bullfrogs
  A scorpion (D:6)
  A necrophage (D:6)
  A gnoll sergeant (D:10)
  4 water moccasin zombies (Ossuary)
  7 wights
  6 killer bees (D:9)
  3 howler monkeys (D:7)
  4 hounds
  5 jellies
  3 orc priests
  A gnoll bouda (D:10)
  5 iguanas
  5 orc wizards
  2 mummies (Ossuary)
  13 gnolls
  8 adders
  A river rat (Sewer)
  3 shadow imps
  A white imp (D:8)
  An ufetubus (D:6)
  6 adder zombies (Ossuary)
  4 worms
  4 dart slugs
  31 orcs
  3 bats
  11 endoplasms
  8 giant cockroaches
  3 gnoll zombies (Ossuary)
  7 goblins
  5 hobgoblins
  4 quokkas
  13 ball pythons
  5 frilled lizards
  5 hobgoblin zombies (Ossuary)
  22 kobolds
  2 kobold zombies (Ossuary)
  2 orc zombies (Ossuary)
  17 rats
  2 rat zombies (D:3)
268 creatures vanquished.

Vanquished Creatures (others)
  An unseen horror (D:10)
1 creature vanquished.

Grand Total: 269 creatures vanquished

Notes
Turn   | Place    | Note
-------+----------+-------------------------------------------
     0 | D:1      | mortz the Kobold Earth Elementalist began the quest for the
                  | Orb.
     0 | D:1      | Reached XP level 1. HP: 10/10 MP: 3/3
   290 | D:1      | Reached XP level 2. HP: 16/16 MP: 3/5
  1006 | D:1      | Reached skill level 1 in Fighting
  1036 | D:1      | Reached XP level 3. HP: 20/20 MP: 2/6
  1659 | D:2      | Reached XP level 4. HP: 25/25 MP: 3/8
  1822 | D:2      | Found a blossoming altar of Fedhas.
  2205 | D:2      | Found a faded altar of an unknown god.
  2579 | D:3      | Found a hide-covered altar of Uskayaw.
  2674 | D:3      | Found a glowing drain.
  2680 | Sewer    | Entered a sewer
  2786 | Sewer    | Reached XP level 5. HP: 22/30 MP: 1/9
  3052 | Sewer    | Reached XP level 6. HP: 35/35 MP: 7/10
  3085 | Sewer    | Found a viscous altar of Jiyva.
  3433 | D:3      | Found an ancient bone altar of Kikubaaqudgha.
  3631 | D:3      | Reached skill level 5 in Earth Magic
  3655 | D:3      | Found an iron altar of Okawaru.
  3976 | D:3      | Learned a level 2 spell: Passwall
  4088 | D:4      | Noticed Pargi
  4097 | D:4      | Killed Pargi
  4098 | D:4      | Reached skill level 5 in Stealth
  4098 | D:4      | Reached XP level 7. HP: 25/41 MP: 4/12
  4358 | D:4      | Found Deokkeib's Magic Scroll Emporium.
  4363 | D:4      | Bought a scroll of identify for 24 gold pieces
  4363 | D:4      | Bought a scroll of identify for 24 gold pieces
  4363 | D:4      | Bought a scroll of enchant armour for 90 gold pieces
  4363 | D:4      | Bought a scroll of identify for 24 gold pieces
  4697 | D:4      | Identified the +10 sling of Ebben {venom, Dex+6}
  4815 | D:4      | Found an ornate altar of the Wu Jian Council.
  4900 | D:5      | Entered Level 5 of the Dungeon
  5378 | D:5      | Reached XP level 8. HP: 48/48 MP: 14/14
  5425 | D:5      | Found a sacrificial altar of Ru.
  6487 | D:6      | Reached skill level 1 in Armour
  6661 | D:6      | Identified the +1 spear "Huaxae" {vorpal, Drain rF+ Str+2}
  7016 | D:6      | Identified a scroll of acquirement
  7016 | D:6      | Acquired a book of the Earth
  7022 | D:6      | Learned a level 3 spell: Stone Arrow
  7284 | D:7      | Found a snail-covered altar of Cheibriados.
  7401 | D:7      | Reached skill level 5 in Spellcasting
  7401 | D:7      | Reached XP level 9. HP: 43/53 MP: 14/16
  7404 | D:7      | Reached skill level 1 in Conjurations
  7419 | D:7      | Reached skill level 5 in Fighting
  7647 | D:7      | Identified the +1 robe of Bemeihub {rPois rF+ Int+4}
  7972 | D:7      | Found a stormy altar of Qazlal.
  8309 | D:7      | Found a staircase to the Ecumenical Temple.
  8315 | Temple   | Entered the Ecumenical Temple
  8380 | Temple   | Became a worshipper of Vehumet
  8436 | D:8      | Found a burning altar of Makhleb.
  8461 | D:8      | Found a glowing silver altar of Zin.
  8659 | D:8      | Found a shimmering altar of Xom.
  8738 | D:8      | Noticed a moth of wrath
  8741 | D:8      | Found a bloodstained altar of Trog.
  8872 | D:8      | Found a sand-covered staircase.
  8878 | Ossuary  | Entered an ossuary
  9058 | Ossuary  | Reached * piety under Vehumet
  9058 | Ossuary  | Offered knowledge of Shock by Vehumet.
  9153 | Ossuary  | Reached XP level 10. HP: 60/61 MP: 14/19
  9496 | D:8      | Found a hazy altar of Hepliaklqana.
  9750 | D:8      | Identified the +3 dagger "Zynuitin" {vorpal, rCorr Str+2}
  9983 | D:9      | Noticed Grum
 10295 | D:9      | Killed Grum
 10846 | D:9      | Found a runed translucent door.
 10872 | D:9      | Found a glowing golden altar of the Shining One.
 10892 | D:9      | Found a staircase to the Lair.
 11014 | D:9      | Offered knowledge of Searing Ray by Vehumet.
 11020 | D:9      | Reached ** piety under Vehumet
 11024 | D:9      | Learned a level 2 spell: Searing Ray
 11740 | D:10     | Entered Level 10 of the Dungeon
 11866 | D:10     | Found a broken altar of Ashenzari.
 11939 | D:10     | Noticed Maggie
 12013 | D:10     | Noticed a boulder beetle
 12042 | D:10     | Noticed a cyclops
 12047 | D:10     | Killed a cyclops
 12048 | D:10     | Reached XP level 11. HP: 67/69 MP: 17/23
 12164 | D:10     | Found a staircase to the Orcish Mines.
 12349 | D:10     | Noticed a moth of wrath
 12554 | D:10     | Found a basalt altar of Yredelemnul.
 12638 | D:10     | Found a runed translucent gate.
 12639 | D:10     | Found a runed translucent gate.
 12640 | D:10     | Found a runed translucent gate.
 12709 | D:10     | Killed by a reflected stone arrow
                  | ... reflected by a kobold brigand

Illustrated notes

Levels and vault maps discovered:
D:1:      dpeg_arrival_rhombi, layout_basic, patterned_corridor
D:2:      layout_loops_ring, chequers_ecumenical_altar_twisty, basic_altar,
          dk_noncrumbling_3, chequers_serial_rivers_room_b
D:3:      layout_loops_cross, lemuel_zombie_altar_kikubaaqudgha,
          kennysheep_okawaru_gauntlet, mainiacjoe_overflow_catwalk,
          portal_sewer_entry_d, kennysheep_generic_room_11
D:4:      layout_cave_pools, mainiacjoe_overflow_concentric_impassable,
          serial_shops, shop, uniq_pargi
D:5:      layout_cave_pools, lemuel_crystal_altar
D:6:      layout_loops_corners, minmay_diced_spiral
D:7:      black_bear_nest_2, layout_cave_pods, nicolae_qazlal_eye_of_the_storm,
          kennysheep_slug_shrine, temple_pool_b
D:8:      layout_cave_pods, mainiacjoe_overflow_alcove_2,
          nicolae_hepliaklqana_hippocampus, lemuel_round_altar,
          marbit_many_paths, tgw_trog, lightli_ossuary_entry_decrepit_ruins
D:9:      layout_basic, kennysheep_little_box, lair_entry_dummy,
          ebering_ghost_reflecting_pool, minmay_misc_feat_ornament, uniq_grum
D:10:     layout_basic, lemuel_round_altar, evilmike_ruin_ashenzari,
          minmay_orc_entry_temple_small, gammafunk_ghost_cemetery,
          ebering_dispersal_statue_hall, minmay_bent, uniq_maggie
Temple:   nicolae_temple_ecumenical_triangle

Skill      XL: |  1  2  3  4  5  6  7  8  9 10 11 |
---------------+----------------------------------+-----
Fighting       | 1 2 3 4 6 8 9 |  9.2
Stealth        | 3 4 5 6 8 9 |  9.9
Earth Magic    | 4 5 7 8 |  8.9
Spellcasting   | 3 4 5 6 8 |  8.8
Armour         | 1 |  1.1
Conjurations   | 1 2 3 |  3.1
Dodging        | |  2.4
Shields        | |  0.7
Transmutations | |  1.0

Action                   |  1- 3 |  4- 6 |  7- 9 | 10-12 || total
-------------------------+-------+-------+-------+-------++-------
Melee: Dagger            |    11 |     3 |       |       ||    14
 Fire: Sling             |       |       |    44 |       ||    44
 Cast: Sandblast         |    29 |   114 |   148 |   146 ||   437
       Stone Arrow       |       |       |       |     7 ||     7
Evoke: Wand              |       |       |       |     1 ||     1
  Use: Scroll            |       |     3 |    19 |     6 ||    28
       Potion            |       |       |       |     5 ||     5
 Stab: Sleeping          |     8 |     1 |       |       ||     9
Armor: Robe              |     4 |     7 |    13 |    11 ||    35
       Leather armour    |       |       |     5 |       ||     5
       Troll leather arm |       |       |       |    23 ||    23
Dodge: Dodged            |    21 |    41 |    58 |    98 ||   218
Block: Kite shield       |       |       |     9 |       ||     9
